 Dungeon Crawl Stone Soup version 0.31-a0-232-gb1c03b2570 (webtiles) character file.

Game seed: 10678594058380309104

49 qw the Shooter (level 3, 0/29 HPs)
             Began as a Minotaur Hexslinger on July 7, 2023.
             Succumbed to an adder's poison
             ... on level 2 of the Dungeon.
             The game lasted 00:00:31 (1075 turns).

qw the Shooter (Minotaur Hexslinger)                Turns: 1075, Time: 00:00:32

Health: 0/29       AC:  3    Str: 12    XL:     3   Next: 53%
Magic:  3/3        EV: 12    Int: 10    God:
Gold:   104        SH:  0    Dex: 14    Spells: 3/4 levels left

rFire   . . .        Y - +2 sling
rCold   . . .        (no shield)
rNeg    . . .        a - +0 leather armour
rPois   .            (helmet restricted)
rElec   .            (no cloak)
rCorr   .            (no gloves)
SInv    .            (no boots)
Will    .....        (no amulet)
Stlth   +            (no ring)
HPRegen 0.24/turn    (no ring)
MPRegen 0.08/turn

%: no passive effects
@: lethally poisoned (0 -> -2)
A: horns 2, retaliatory headbutt
a: no special abilities


You were on level 2 of the Dungeon.
You visited 1 branch of the dungeon, and saw 2 of its levels.

You collected 104 gold pieces.


Innate Abilities, Weirdness & Mutations

You have a pair of horns on your head.
You reflexively headbutt those who attack you in melee.


   Skills:
 - Level 2.0 Fighting
 + Level 4.1 Ranged Weapons
 - Level 2.1 Dodging
 - Level 1.0 Spellcasting
 - Level 2.0 Hexes


You had 3 spell levels left.
You knew the following spells:

 Your Spells              Type           Power      Damage    Failure   Level
a - Slow                  Hex            16%        N/A       19%         1

Your spell library contained the following spells:

 Spells                   Type           Power      Damage    Failure   Level
 Inner Flame              Hex/Fire       2%         N/A       65%         3
 Portal Projectile        Hex/Tloc       4%         N/A       65%         3
 Cause Fear               Hex            2%         N/A       88%         4

Inventory:

Hand Weapons
 Y - a +2 sling (weapon)
Armour
 a - a +0 leather armour (worn)
Scrolls
 b - a scroll of teleportation {unknown}
 d - 3 scrolls of vulnerability {unknown}
Potions
 c - a potion of might {unknown}
 e - a potion of curing

Dungeon Overview and Level Annotations

Branches:
Dungeon (2/15)

Altars:


Message History

You shoot a sling bullet.
The sling bullet barely misses the adder.
An adder comes into view.
The adder misses you. You furiously retaliate!
You headbutt the adder! You shoot a sling bullet.
The sling bullet closely misses the adder.
The adder hisses angrily.
The adder bites you but does no damage. The adder closely misses you.
You shoot a sling bullet. The sling bullet hits the adder.
The adder is almost dead.
The adder bites you but does no damage.
You shoot a sling bullet.
The sling bullet hits the adder but does no damage.
The adder is almost dead.
The adder bites you.
You are poisoned.
The adder poisons you!
The adder bites the plant.
The plant begins to die.
You shoot a sling bullet.
The sling bullet closely misses the adder.
You feel sick. The adder barely misses you. x2
The adder bites you but does no damage.
You shoot a sling bullet.
The sling bullet barely misses the adder.
You feel sick. The adder bites you. x2
You are more poisoned.
The adder poisons you!
You shoot a sling bullet. The sling bullet hits the adder.
You kill the adder!
You feel sick.
A nearby plant withers and dies.
The adder bites you but does no damage. The adder closely misses you.
Your Ranged Weapons skill increases to level 4!
You shoot a sling bullet.
The sling bullet closely misses the adder.
You feel sick. The adder bites you. The worm bites you! The adder bites you.
You shoot a sling bullet. The sling bullet hits the adder!
The adder is severely wounded.
You feel sick. The adder bites you. The worm bites you but does no damage.
You shoot a sling bullet.
The sling bullet closely misses the adder.
You die...

~~~~~~~77~.. P~~~~~P.#
~~P~~~~~7~~. .~7~~~~[#
~~~7PP~~~~7+ .~~~~~~P.
~~~~~7~~PPP7###7~7~~~~.#
~~~~~~~PPP~~~##.~~~~.~#
~~~~~~P~~~P~~# ..~.~~~7
~~~~~P~~P~~7~###Sw~~~.##
~~~~~~P~~~~7..)%@......#
~~~~~7~~~~7..##.#####.##
~~PP7~~~~~..###...
~~~~7~777~#.# #####
77~~777 ###.# 7~~.## #.#
###..### #.# #########
#P#...# #.# ##..#.#..#
7~P##.# #.# ##..#.#.#.#


You could see a worm and an adder.

Vanquished Creatures
  An adder (D:2)
  2 ball pythons (D:1)
  3 bats
  3 endoplasms
  2 giant cockroaches (D:1)
  5 goblins
  6 hobgoblins
  5 kobolds (D:1)
  2 quokkas (D:1)
  2 frilled lizards
  3 rats
34 creatures vanquished.

Notes
Turn   | Place    | Note
-------+----------+-------------------------------------------
     0 | D:1      | qw the Minotaur Hexslinger began the quest for the Orb.
     0 | D:1      | Reached XP level 1. HP: 16/16 MP: 1/1
     0 | D:1      | 0 ||| qw: Version: 0.3-a-46-gb1f654a
     0 | D:1      | 0 ||| qw: Game counter: 2493
     0 | D:1      | 0 ||| qw: Melee chars always use a shield: true
     0 | D:1      | 0 ||| qw: God list: Okawaru
     0 | D:1      | 0 ||| qw: Allow faded altars: false
     0 | D:1      | 0 ||| qw: Do Orc after clearing Dungeon:15 true
     0 | D:1      | 0 ||| qw: Do second Lair branch before Depths: true
     0 | D:1      | 0 ||| qw: Lair rune preference: random
     0 | D:1      | 0 ||| qw: Goals: Normal
     0 | D:1      | 0 ||| PLANNING D:1-11
   101 | D:1      | 101 ||| READING scroll labelled DEOMUE IJAFFEA.
   108 | D:1      | Reached skill level 3 in Ranged Weapons
   124 | D:1      | Reached XP level 2. HP: 18/23 MP: 2/2
   186 | D:1      | 186 ||| FLEEEEING.
   187 | D:1      | 187 ||| FLEEEEING.
   189 | D:1      | 189 ||| FLEEEEING.
   190 | D:1      | 190 ||| FLEEEEING.
   191 | D:1      | 191 ||| FLEEEEING.
   192 | D:1      | 192 ||| FLEEEEING.
   193 | D:1      | 193 ||| FLEEEEING.
   194 | D:1      | 194 ||| FLEEEEING.
   195 | D:1      | 195 ||| FLEEEEING.
   199 | D:1      | 199 ||| FLEEEEING.
   200 | D:1      | 200 ||| FLEEEEING.
   201 | D:1      | 201 ||| FLEEEEING.
   202 | D:1      | 202 ||| FLEEEEING.
   203 | D:1      | 203 ||| FLEEEEING.
   204 | D:1      | 204 ||| FLEEEEING.
   205 | D:1      | 205 ||| FLEEEEING.
   313 | D:1      | Found a faded altar of an unknown god.
   324 | D:1      | 324 ||| UPGRADING to +0 leather armour.
   338 | D:1      | 338 ||| DROPPING +0 robe.
   533 | D:1      | Reached XP level 3. HP: 29/29 MP: 3/3
   846 | D:1      | 846 ||| READING scroll labelled PYSTRE KIUWOEC.
   847 | D:1      | 847 ||| DRINKING 2 viscous emerald potions.
   848 | D:1      | 848 ||| DROPPING scroll of poison.
  1073 | D:2      | Reached skill level 4 in Ranged Weapons
  1073 | D:2      | HP: 5/29 [worm (9)]
  1074 | D:2      | HP: 2/29 [adder (1)]
  1075 | D:2      | Succumbed to an adder's poison

Levels and vault maps discovered:
D:1:      arrival_zaba_pyramid, layout_basic, serial_glass, glass_columns_a,
          glass_columns_a, glass_columns_a, glass_columns_b,
          minmay_strange_pillars, minmay_strange_pillars, feat_on_display,
          due_unseen_surprise, basic_ecumenical_altar
D:2:      kennysheep_big_flooded_room, layout_loops_corners, basic_altar,
          serial_bayou, serial_bayou_pond_b, serial_bayou_ford_a,
          serial_bayou_pond_b, serial_bayou_lake_a, hex_medium,
          minmay_tiny_reverse_x, uniq_jessica, uniq_robin, uniq_natasha

Skill      XL: |  1  2  3 |
---------------+----------+-----
Ranged Weapons | 3 4 |  4.1
Fighting       | 2 |  2.0
Dodging        | |  2.1
Spellcasting   | |  1.0
Hexes          | |  2.0

Action                     || total
---------------------------++-------
   Fire: Sling             ||   107
    Use: Scroll            ||     2
         Potion            ||     1
 Armour: Leather armour    ||    11
         Robe              ||     1
  Dodge: Dodged            ||    31

Table legend:
 A = Non-vault XP
 B = Vault XP
 C = Vault XP percentage of total XP
 D = Non-vault monster count
 E = Vault monster count
 F = Vault count percentage of total count
                 A         B        C        D         E       F
            +---------+---------+-------+---------+---------+-------
      Total |      54 |      17 |  23.9 |      30 |       4 |  11.8
            +---------+---------+-------+---------+---------+-------
        D:1 |      47 |       0 |   0.0 |      26 |       0 |   0.0
        D:2 |       7 |      17 |  70.8 |       4 |       4 |  50.0
            +---------+---------+-------+---------+---------+-------
